 Dungeon Crawl Stone Soup version 0.29-a0-857-g9b1aa3ac5b (webtiles) character file.

Game seed: 4250171882451507065

560 jimonade the Shield-Bearer (level 7, -8/55 HPs)
             Began as a Formicid Fighter on July 16, 2022.
             Mangled by an ogre
             ... wielding a +0 giant spiked club
              (31 damage)
             ... on level 4 of the Dungeon on July 17, 2022.
             The game lasted 00:12:56 (5307 turns).

jimonade the Shield-Bearer (Formicid Fighter)       Turns: 5307, Time: 00:12:57

Health: -8/55      AC:  7    Str: 23    XL:     7   Next: 57%
Magic:  7/7        EV:  9    Int:  7    God:
Gold:   254        SH:  5    Dex: 13    Spells: 6/6 levels left

rFire   . . .      SeeInvis +   s - +3 spear
rCold   . . .      Faith    .   c - +0 buckler
rNeg    . . .      Spirit   .   b - +0 scale mail
rPois   .          Reflect  .   (helmet unavailable)
rElec   .          Harm     .   (no cloak)
rCorr   .          Rampage  .   (no gloves)
Will    .....                   (no boots)
Stlth   ..........              (no amulet)
HPRegen 0.18/turn               (no ring)
MPRegen 0.10/turn               (no ring)

@: no status effects
A: permanent stasis, dig shafts and tunnels, antennae 3, four strong arms
a: Dig, Shaft Self


You were on level 4 of the Dungeon.
You visited 1 branch of the dungeon, and saw 4 of its levels.

You collected 254 gold pieces.

Inventory:

Hand Weapons
 a - a +0 quarterstaff
 s - a +3 spear (weapon)
Missiles
 m - 5 javelins
 o - 10 poisoned darts
Armour
 b - a +0 scale mail (worn)
 c - a +0 buckler (worn)
Magical Staves
 y - a staff of fire
Wands
 w - a wand of paralysis (5)
Scrolls
 e - a scroll of magic mapping {unknown}
 g - 2 scrolls of vulnerability {unknown}
 i - 9 scrolls of identify {unknown}
 j - 2 scrolls of poison {unknown}
 k - 5 scrolls of fear {unknown}
 l - a scroll of torment {unknown}
 n - 2 scrolls of noise {unknown}
 p - 2 scrolls of fog {unknown}
 q - 2 scrolls of enchant weapon {unknown}
 t - a scroll of blinking {unknown}
 z - a scroll of immolation {unknown}
 A - a scroll of teleportation {unknown}
Potions
 d - a potion of might
 f - a potion of invisibility {unknown}
 h - 2 potions of lignification {unknown}
 r - 3 potions of flight {unknown}
 u - a potion of haste {unknown}
 v - a potion of brilliance {unknown}
 x - a potion of curing {unknown}


   Skills:
 + Level 4.6 Fighting
 + Level 2.5(4.1) Polearms
 + Level 4.8(5.2) Staves
 + Level 5.0 Armour
 + Level 5.2 Shields


You had 6 spell levels left.
You didn't know any spells.
Your spell library contained the following spells:

 Spells                   Type           Power      Damage    Failure   Level
 Apportation              Tloc           0%         N/A       80%         1
 Slow                     Hex            0%         N/A       80%         1
 Summon Small Mammal      Summ           0%         N/A       80%         1
 Call Canine Familiar     Summ           0%         N/A       99%         3
 Confusing Touch          Hex            0%         N/A       99%         3
 Summon Guardian Golem    Hex/Summ       0%         N/A       99%         3
 Vampiric Draining        Necr           0%         2d6       99%         3
 Alistair's Intoxication  Tmut/Pois      0%         N/A       100%        5


Dungeon Overview and Level Annotations

Branches:
Dungeon (4/15)
 Temple: D:4-7

Altars:
Cheibriados
Ru
Yredelemnul

Shops:
D:1 ?   D:3 ?   D:4 **

Annotations:
D:3 exclusion: downstairs


Innate Abilities, Weirdness & Mutations

You cannot be hasted, slowed, berserked, paralysed or teleported.
You can dig through walls and to a lower floor.
You have a pair of large antennae on your head. (SInv)
Your four strong arms can wield two-handed weapons with a shield.


Message History

You reach to attack!
You hit the orc but do no damage. You hit the orc.
The orc is heavily wounded.
The orc closely misses you.
You hit the orc but do no damage.
The orc is heavily wounded.
The orc hits you but does no damage.
You hit the orc but do no damage.
The orc is heavily wounded.
The orc hits you but does no damage.
You hit the orc.
You kill the orc!
No target in view!
You closely miss the orc. You hit the orc.
The orc is heavily wounded.
The orc hits you with a +1 vorpal flail.
You hit the orc.
You kill the orc!
No target in view!
Things that are here:
a +1 vorpal flail; a +0 scale mail; an orc corpse You start resting.
HP restored.
There is a stone staircase leading up here.
There is a stone staircase leading up here.
The ogre shouts!
There is a stone staircase leading up here.
There is a stone staircase leading up here.
You barely miss the ogre.
The ogre hits you with a +0 giant spiked club!!
Ouch! That really hurt!
You are too injured to fight recklessly!
You are too injured to fight recklessly!
You hit the ogre but do no damage. You hit the ogre.
The ogre is moderately wounded.
The ogre hits you with a +0 giant spiked club!!
Ouch! That really hurt!
You die...

###.####################
...............#.......#
.##.####.#####.#.#####.#
.##.# #....##.#.#####.#
....# #.##............#
.#######>###.#.#.#..##.#
....##.#.#.#.#.#.#.#.#.#
###.#.............)....#
#.##.#.#.#.#.#@#.#.#.#
#.#.....)....O.......#
###.##.#.#.#.#.#.#.#.#.#
......................##
.....#.#.#.#.#.#.#.#.##
......##.#.##..###.###
.................#.#
........O#.#####.#.#
.........#.# #.#.#######


You could see an ogre.

Vanquished Creatures
  Grinder (D:3)
  An orc priest (D:4)
  An iguana (D:4)
  Terence (D:3)
  An orc wizard (D:3)
  Ijyb (D:4)
  4 gnolls (D:3)
  6 adders
  4 worms
  3 dart slugs
  11 orcs
  8 endoplasms
  3 giant cockroaches (D:3)
  8 hobgoblins
  6 jackals
  3 quokkas
  10 ball pythons
  8 bats
  3 frilled lizards
  15 goblins
  7 kobolds
  3 rats (D:3)
108 creatures vanquished.

Notes
Turn   | Place    | Note
-------+----------+-------------------------------------------
     0 | D:1      | jimonade the Formicid Fighter began the quest for the Orb.
     0 | D:1      | Reached XP level 1. HP: 18/18 MP: 1/1
   353 | D:1      | Reached XP level 2. HP: 24/24 MP: 2/2
   540 | D:1      | Found Nimirif's Magic Scroll Shop.
  1062 | D:1      | Reached XP level 3. HP: 29/29 MP: 3/3
  1632 | D:2      | Reached XP level 4. HP: 37/37 MP: 4/4
  2167 | D:3      | Found Istunagyu's Magic Scroll Shoppe.
  2235 | D:3      | Reached XP level 5. HP: 39/42 MP: 5/5
  2262 | D:3      | Found a large runed translucent door.
  2262 | D:3      | Found a large runed translucent door.
  2319 | D:3      | Found a sacrificial altar of Ru.
  2330 | D:3      | Found a basalt altar of Yredelemnul.
  3262 | D:3      | Found a snail-covered altar of Cheibriados.
  3313 | D:3      | Reached XP level 6. HP: 48/48 MP: 6/6
  3469 | D:3      | Noticed Grinder
  3509 | D:3      | Killed Grinder
  3510 | D:3      | Reached skill level 1 in Polearms
  3510 | D:3      | Reached skill level 5 in Shields
  3510 | D:3      | Reached XP level 7. HP: 19/55 MP: 7/7
  3985 | D:3      | Noticed Terence
  3998 | D:3      | Killed Terence
  4540 | D:4      | Found Rorhevexki's Specific Store.
  4783 | D:4      | Noticed Ijyb
  4806 | D:4      | Killed Ijyb
  5060 | D:4      | Reached skill level 5 in Armour
  5120 | D:4      | Found Xeogar's General Store.
  5307 | D:4      | Mangled by an ogre

Illustrated notes

Levels and vault maps discovered:
D:1:      minmay_arrival_stone_box, layout_loops_cross, serial_shops,
          nicolae_diamond_shop
D:2:      kennysheep_the_goblin_king, layout_basic
D:3:      layout_basic, slow_altar_1, jmf_multi_god_temple2, serial_shops, shop,
          roderic_lattice_a, minmay_joined_circles, uniq_grinder, uniq_terence
D:4:      layout_loops_cross, st_stairs_12, nicolae_specific_store, uniq_ijyb

Skill      XL: |  1  2  3  4  5  6  7 |
---------------+----------------------+-----
Staves         | 3 4 |  4.8
Armour         | 4 5 |  5.0
Fighting       | 4 |  4.6
Polearms       | 1 2 |  2.5
Shields        | 5 |  5.2

Action                   |  1- 3 |  4- 6 |  7- 9 || total
-------------------------+-------+-------+-------++-------
Melee: Quarterstaff      |   120 |   139 |       ||   259
       Spear             |       |    47 |   101 ||   148
Armor: Scale mail        |    66 |    86 |    21 ||   173
Dodge: Dodged            |    50 |    92 |    22 ||   164
Block: Buckler           |    29 |    45 |    19 ||    93

Table legend: (Time is in decaauts)
 A = Elapsed time spent in this place.
 B = Non-inter-level travel time spent in this place.
 C = Inter-level travel time spent in this place.
 D = Time resting spent in this place.
 E = Time spent auto-exploring this place.
 F = Levels seen in this place.
 G = Mean time per level.
                   A        B        C        D        E       F      G
               +--------+--------+--------+--------+--------+-----+--------+
         Total |   5351 |   5232 |    119 |    959 |   2752 |   4 | 1337.8 |
       Dungeon |   5351 |   5232 |    119 |    959 |   2752 |   4 | 1337.8 |
               +--------+--------+--------+--------+--------+-----+--------+

Top non-repeatable levels by time:
     D:3: 1741 daAuts
     D:2: 1504 daAuts
     D:1: 1229 daAuts
     D:4: 875 daAuts
